 Dungeon Crawl Stone Soup version 0.31-a0-1154-gadca813884 (webtiles) character file.

Game seed: 12761008195865900521

3488 Crownlay the Tainter (level 10, 0/70 HPs)
             Began as a Merfolk Venom Mage on Dec 6, 2023.
             Was a Follower of Sif Muna.
             Slain by an orc warrior
             ... wielding a +0 hand axe
              (8 damage)
             ... on level 8 of the Dungeon on Dec 7, 2023.
             The game lasted 00:24:35 (10132 turns).

Crownlay the Tainter (Merfolk Venom Mage)          Turns: 10132, Time: 00:24:36

Health: 0/70       AC:  5    Str:  8    XL:     10   Next: 7%
Magic:  0/26       EV: 12    Int: 19    God:    Sif Muna [*.....]
Gold:   326        SH:  0    Dex: 15    Spells: 9/19 levels left

rFire   + . .        w - +4 rapier of the Jocular God {heavy, rPois MP+9}
rCold   + . .        (no shield)
rNeg    . . .        f - +0 robe {rC+ rF+}
rPois   +            t - +0 helmet
rElec   .            (no cloak)
rCorr   .            c - +0 pair of gloves
SInv    .            n - +0 pair of boots
Will    .....        i - amulet of guardian spirit
Stlth   ++           H - ring of wizardry
HPRegen 0.31/turn    I - +4 ring of slaying
MPRegen 0.20/turn

%: guardian spirit, wizardry (x1)
@: no status effects
A: (nimble swimmer 2), mertail
a: Renounce Religion, Channel Magic


You were on level 8 of the Dungeon.
You worshipped Sif Muna.
Sif Muna was aware of your devotion.
You visited 2 branches of the dungeon, and saw 9 of its levels.
You also visited: Sewer.

You collected 436 gold pieces.
You spent 110 gold pieces at shops.

Inventory:

Hand Weapons
 o - the +9 sling "Giantslayer" {antimagic, Str+2 Dex+4}
   (You found it on level 3 of the Dungeon)

   Str+2:     It affects your strength (+2).
   Dex+4:     It affects your dexterity (+4).
 w - the +4 rapier of the Jocular God (weapon) {heavy, rPois MP+9}
   (You found it on level 4 of the Dungeon)

   rPois:     It protects you from poison MP+9: It affects your magic capacity
   (+9).
Missiles
 r - 2 javelins
 C - 15 poisoned darts (quivered)
 M - 8 curare-tipped darts
 N - a throwing net
Armour
 c - a +0 pair of gloves (worn)
 f - a +0 robe of resistance (worn)
 n - a +0 pair of boots (worn)
 t - a +0 helmet (worn)
Jewellery
 i - an amulet of guardian spirit (around neck)
 y - a ring of positive energy
 H - a ring of wizardry (left hand)
 I - a +4 ring of slaying (right hand)
Wands
 s - a wand of flame (4)
 L - a wand of polymorph (10)
Scrolls
 d - a scroll of fear
 j - 4 scrolls of teleportation
 k - 2 scrolls of amnesia
 p - a scroll of immolation
 u - a scroll of brand weapon
 v - a scroll of blinking
 z - 2 scrolls of revelation
 A - 3 scrolls of enchant weapon
 E - a scroll of summoning
 G - a scroll of torment {unknown}
 J - 2 scrolls of noise
 K - 2 scrolls of fog
 O - a scroll of poison
Potions
 a - 2 potions of curing
 b - a potion of magic
 e - 5 potions of mutation {unknown}
 g - a potion of enlightenment {unknown}
 h - 2 potions of resistance {unknown}
 l - 2 potions of haste {unknown}
 m - 2 potions of heal wounds {unknown}
 q - a potion of lignification {unknown}
 x - a potion of brilliance {unknown}
 B - 2 potions of invisibility
 D - a potion of berserk rage {unknown}
 F - 2 potions of might {unknown}
 P - 2 potions of attraction {unknown}


   Skills:
 - Level 3.0 Fighting
 - Level 4.0 Throwing
 - Level 2.6 Dodging
 - Level 2.1 Stealth
 - Level 5.0 Spellcasting
 - Level 4.0 Hexes
 - Level 8.0 Transmutations
 - Level 8.0 Poison Magic
 + Level 4.7 Invocations
 + Level 5.9 Shapeshifting


You had 9 spell levels left.
You knew the following spells:

 Your Spells              Type           Power      Damage    Failure   Level
a - Sting                 Tmut/Pois      100%       1d8       1%          1
b - Poisonous Vapours     Pois/Air       38%        N/A       1%          2
c - Olgreb's Toxic Radia  Pois           35%        N/A       1%          4
d - Tukima's Dance        Hex            19%        N/A       2%          3

Your spell library contained the following spells:

 Spells                   Type           Power      Damage    Failure   Level
 Mephitic Cloud           Conj/Pois/Air  14%        N/A       5%          3
 Dazzling Flash           Conj/Hex       24%        N/A       6%          3
 Ozocubu's Armour         Ice            4%         N/A       16%         3
 Dimensional Bullseye     Hex/Tloc       6%         N/A       21%         4
 Iskenderun's Mystic Bla  Conj/Tloc      4%         2d3       43%         4
 Silence                  Hex/Air        6%         N/A       50%         5
 Agony                    Necr           4%         N/A       77%         5
 Ozocubu's Refrigeration  Ice            2%         4d7       100%        7


Dungeon Overview and Level Annotations

Branches:
Dungeon (8/15)             Temple (1/1) D:6           Sewer (visited)
   Lair: D:8-11

Altars:
Cheibriados
Dithmenos
Elyvilon
Fedhas
Gozag
Hepliaklqana
Makhleb
Nemelex Xobeh
Okawaru
Qazlal
Ru
Sif Muna
Trog
Uskayaw
Vehumet
Wu Jian
Xom
Yredelemnul
Zin
The Shining One

Shops:
D:4 =   D:7 [(?   D:8 *

Annotations:
D:3 2 transporters, MackTheKnife's ghost, amateur GnIE


Innate Abilities, Weirdness & Mutations

((You are very nimble when in or above water. (Stealth+, EV+, Speed+++)))
Your lower body shifts to a powerful aquatic tail in water.


Message History

You throw a poisoned dart.
The poisoned dart closely misses the orc warrior.
The poisoned dart hits the orc.
The orc looks even sicker.
The orc is lightly wounded.
The orc warrior barely misses you.
You throw a poisoned dart. The poisoned dart hits the orc warrior!
The orc warrior is poisoned.
The orc warrior is moderately wounded.
The orc warrior closely misses you.
You puncture the orc warrior!
The orc warrior is severely wounded.
The orc warrior hits you with a +0 hand axe! x2
You throw a poisoned dart.
The poisoned dart barely misses the orc warrior.
The poisoned dart barely misses the orc.
You hit the orc warrior but do no damage.
The orc warrior is severely wounded.
The orc warrior barely misses you.
The orc warrior hits you with a +0 hand axe!
You are too injured to fight recklessly!
You are too injured to fight recklessly!
You are too injured to fight recklessly!
You hit the orc warrior. Your punch misses the orc warrior.
The orc warrior is almost dead.
The orc warrior hits you with a +0 hand axe!
The orc warrior hits you with a +0 hand axe.
* * * LOW HITPOINT WARNING * * *
You closely miss the orc warrior.
The orc warrior is almost dead.
You kill the orc!
Sif Muna accepts your kill.
The orc warrior hits you with a +0 hand axe!
* * * LOW HITPOINT WARNING * * *
The orc warrior barely misses you.
You closely miss the orc warrior.
The orc warrior is almost dead.
The orc warrior hits you with a +0 hand axe!
* * * LOW HITPOINT WARNING * * *
The orc warrior hits you with a +0 hand axe!
You die...

####.≈ ###.≈ #...≈
... +..≈≈
###.####..≈.
.........≈.
######.###...≈.
#######............≈.
#()o@?<..........#.≈.
#.#####..........#.≈≈
#..........####
#.#.#..........
#.#.#..####....
#.#.#..#.# .<..
..#.#....# ....
..#.##.#..+....
#....#### ...


You could see an orc warrior (poisoned).

Vanquished Creatures
  Maggie (D:7)
  Jeremiah (D:7)
  A hornet (D:7)
  A wyvern (D:8)
  2 ice beasts
  2 sky beasts (D:7)
  2 ogres
  5 kobold brigands
  A phantom (D:4)
  A bullfrog (D:7)
  2 gnoll sergeants (D:6)
  2 scorpions
  A wight (D:7)
  3 killer bees (D:7)
  A jelly (D:5)
  2 hounds
  6 orc priests
  4 iguanas
  Jessica (D:2)
  7 orc wizards
  2 sleepcaps
  Natasha (thrice) (D:2)
  Robin (D:2)
  7 gnolls (D:6)
  9 adders
  A white imp (D:6)
  2 ufetubi (D:6)
  4 worms
  5 dart slugs
  25 orcs
  8 endoplasms
  7 giant cockroaches
  9 goblins
  10 hobgoblins
  2 jackals (D:4)
  2 quokkas (D:3)
  12 ball pythons
  4 bats
  8 frilled lizards
  29 kobolds
  4 rats
200 creatures vanquished.

Vanquished Creatures (collateral kills)
  2 wights (D:7)
2 creatures vanquished.

Grand Total: 202 creatures vanquished

Notes
Turn   | Place    | Note
-------+----------+-------------------------------------------
     0 | D:1      | Crownlay the Merfolk Venom Mage began the quest for the
                  | Orb.
     0 | D:1      | Reached XP level 1. HP: 13/13 MP: 3/3
   237 | D:1      | Reached XP level 2. HP: 19/19 MP: 0/5
   308 | D:1      | Learned a level 2 spell: Poisonous Vapours
  1243 | D:2      | Reached XP level 3. HP: 21/24 MP: 0/6
  1551 | D:2      | You fall into a shaft and drop 1 floor!
  1610 | D:3      | Noticed MackTheKnife's ghost (amateur GnIE)
  1657 | D:3      | Found a transporter.
  1701 | D:3      | Found a transporter.
  1714 | D:3      | Found a faded altar of an unknown god.
  1924 | D:3      | Reached XP level 4. HP: 28/30 MP: 1/7
  2420 | D:3      | Found a shimmering altar of Xom.
  2421 | D:3      | Found a hazy altar of Hepliaklqana.
  2421 | D:3      | Noticed a bullfrog
  2422 | D:3      | Noticed a spectral ugly thing
  2483 | D:3      | Identified the +9 sling "Giantslayer" {antimagic, Str+2
                  | Dex+4}
  2509 | D:3      | Reached XP level 5. HP: 33/35 MP: 6/9
  2545 | D:3      | Reached skill level 5 in Poison Magic
  2864 | D:2      | Noticed Robin
  2878 | D:2      | Killed Robin
  3103 | D:2      | Noticed Natasha
  3117 | D:2      | Killed Natasha
  3197 | D:2      | Noticed Jessica
  3200 | D:2      | Killed Jessica
  3313 | D:2      | Noticed Natasha
  3332 | D:2      | Killed Natasha
  3333 | D:2      | Reached XP level 6. HP: 13/41 MP: 2/10
  3349 | D:2      | Noticed Natasha
  3365 | D:2      | Killed Natasha
  3556 | D:4      | Learned a level 4 spell: Olgreb's Toxic Radiance
  3675 | D:4      | Identified the +1 trident of Tisauch {freeze, rPois Str+6}
  3733 | D:4      | Identified the +4 rapier of the Jocular God {heavy, rPois
                  | MP+9}
  4057 | D:4      | Reached skill level 1 in Fighting
  4175 | D:4      | Reached XP level 7. HP: 48/48 MP: 12/12
  4323 | D:4      | Found a white marble altar of Elyvilon.
  4455 | D:4      | Found an ornate altar of the Wu Jian Council.
  4684 | D:4      | Found Zoiwnawo's Jewellery Emporium.
  4933 | D:4      | Reached skill level 5 in Transmutations
  4981 | D:4      | Upgraded the game from 0.31-a0-1144-g99969ba1bc to
                  | 0.31-a0-1154-gadca813884
  5007 | D:5      | Entered Level 5 of the Dungeon
  5145 | D:5      | Found a glowing drain.
  5152 | Sewer    | Entered a sewer
  5336 | Sewer    | Reached XP level 8. HP: 36/57 MP: 11/14
  6836 | D:6      | Reached skill level 1 in Shapeshifting
  6840 | D:6      | Reached skill level 1 in Hexes
  7301 | D:6      | Reached skill level 5 in Spellcasting
  7671 | D:6      | Found a staircase to the Ecumenical Temple.
  7676 | Temple   | Entered the Ecumenical Temple
  7758 | Temple   | Became a worshipper of Sif Muna the Loreminder
  7864 | D:6      | Reached skill level 1 in Throwing
  7921 | D:6      | Reached skill level 1 in Invocations
  8289 | D:6      | Reached XP level 9. HP: 55/63 MP: 14/16
  8531 | D:7      | Noticed a hornet
  8538 | D:7      | Killed a hornet
  8586 | D:7      | Found Hoeqiotso's Magic Scroll Shop.
  8589 | D:7      | Bought a scroll of noise for 10 gold pieces
  8589 | D:7      | Bought a scroll of poison for 40 gold pieces
  8589 | D:7      | Bought a scroll of identify for 20 gold pieces
  8589 | D:7      | Bought a scroll of fog for 40 gold pieces
  8604 | D:7      | Found a shadowy altar of Dithmenos.
  8756 | D:7      | Noticed Maggie
  8767 | D:7      | Killed Maggie
  8896 | D:7      | Noticed Jeremiah
  8921 | D:7      | Killed Jeremiah
  9090 | D:7      | Found Vumaces's Armour Shop.
  9157 | D:7      | Learned a level 3 spell: Tukima's Dance
  9181 | D:7      | Found an iron altar of Okawaru.
  9374 | D:7      | Found Anet's Antique Weapon Emporium.
  9550 | D:7      | Reached * piety under Sif Muna
  9737 | D:7      | Reached skill level 5 in Shapeshifting
  9898 | D:8      | Reached XP level 10. HP: 70/70 MP: 17/17
  9927 | D:8      | Found an opulent altar of Gozag.
  9932 | D:8      | Found Gozag's Platinum Reserve.
 10132 | D:8      | Slain by an orc warrior

Illustrated notes

Levels and vault maps discovered:
D:1:      mrwooster_arrival_arrow, layout_basic
D:2:      layout_rooms, dreamdust_princess_corridor, uniq_natasha, uniq_jessica,
          uniq_robin
D:3:      layout_basic, regret_index_temple_of_mockery,
          hellmonk_ecumenical_altar_slurped_away, gammafunk_ghost_gnarly_gnolls
D:4:      layout_layer_cave, kennysheep_mini_moat,
          mainiacjoe_overflow_cross_hatched, kennysheep_windowed_goal
D:5:      layout_basic, mainiacjoe_sewer_entry_somewhere_in_here_1,
          saegor_snake_ambush
D:6:      layout_cave_pods, temple_doors_cd
D:7:      layout_gridville, mainiacjoe_overflow_concentric_impassable,
          nicolae_overflow_hidden_temple, serial_shops, nicolae_shop_rolled_up,
          nicolae_shop_gibbet_a_chance, shop_fountains, uniq_jeremiah,
          uniq_maggie
D:8:      layout_basic, nicolae_gozag_zags_fifth_avenue
Temple:   hellmonk_temple_forest_ring

Skill      XL: |  1  2  3  4  5  6  7  8  9 |
---------------+----------------------------+-----
Transmutations | 2 3 4 5 7 8 |  8.0
Poison Magic   | 4 5 6 7 8 |  8.0
Spellcasting   | 3 4 5 |  5.0
Fighting       | 1 2 3 |  3.0
Shapeshifting  | 2 5 |  5.9
Hexes          | 2 4 |  4.0
Throwing       | 1 4 |  4.0
Invocations    | 1 4 |  4.7
Dodging        | |  2.6
Stealth        | |  2.1

Action                     |  1- 3 |  4- 6 |  7- 9 | 10-12 || total
---------------------------+-------+-------+-------+-------++-------
  Melee: Spear             |    29 |    61 |       |       ||    90
         Punch             |       |     1 |     1 |       ||     2
         Dagger            |       |    15 |       |       ||    15
         Rapier            |       |    24 |   204 |    21 ||   249
         Tailslap          |       |       |     1 |       ||     1
  Throw: Dart              |       |       |    77 |    14 ||    91
   Cast: Sting             |    49 |    58 |   108 |       ||   215
         Poisonous Vapours |     6 |    19 |    42 |       ||    67
         Tukima's Dance    |       |       |     6 |       ||     6
    Use: Scroll            |       |       |    11 |       ||    11
         Potion            |       |       |     3 |       ||     3
   Stab: Sleeping          |       |       |     1 |       ||     1
 Armour: Robe              |    17 |    91 |   269 |    26 ||   403
  Dodge: Dodged            |    18 |    74 |   206 |    16 ||   314

Table legend: (Time is in decaauts)
 A = Elapsed time spent in this place.
 B = Non-inter-level travel time spent in this place.
 C = Inter-level travel time spent in this place.
 D = Time resting spent in this place.
 E = Time spent auto-exploring this place.
 F = Levels seen in this place.
 G = Mean time per level.
                   A        B        C        D        E       F      G
               +--------+--------+--------+--------+--------+-----+--------+
         Total |  10269 |   9863 |    406 |    123 |   7920 |  10 | 1026.9 |
       Dungeon |   9718 |   9400 |    318 |    123 |   7621 |   8 | 1214.8 |
        Temple |     90 |      2 |     88 |      0 |      0 |   1 |   90.0 |
         Sewer |    459 |    459 |      0 |      0 |    298 |   1 |  459.0 |
               +--------+--------+--------+--------+--------+-----+--------+

Top non-repeatable levels by time:
     D:6: 1637 daAuts
     D:4: 1595 daAuts
     D:7: 1479 daAuts
     D:1: 1232 daAuts
     D:3: 1214 daAuts
     D:5: 1160 daAuts
     D:2: 1128 daAuts
   Sewer: 459 daAuts
     D:8: 270 daAuts
  Temple: 90 daAuts
